[Event "German Rapid Championship 2022"]
[Site "Goettingen"]
[Date "2022.09.24"]
[Round "5.9"]
[White "Tschernatsch, Johannes"]
[Black "Hampel, Felix"]
[Result "0-1"]
[ECO "B40"]
[WhiteElo "2294"]
[BlackElo "2326"]
[Annotator "TA"]
[PlyCount "136"]
[EventDate "2022.09.24"]
[EventType "swiss"]
[EventCountry "GER"]
[SourceTitle "playchess.com"]
[Source "ChessBase"]
[SourceQuality "1"]
[TimeControl "900+10"]

1. e4 c5 2. Nf3 e6 3. g3 Nc6 4. Bg2 Nf6 5. Qe2 d5 6. exd5 {[%emt 0:00:05] B40: Sicilian: 2...e6, Unusual lines.} Nxd5 7. O-O Be7 8. Rd1 {[%emt 0:00:10] The position is equal.} Bf6 {[%emt 0:01:16] Against d4} (8... e5 $5 ) 9. Nc3 Nxc3 (9... O-O $11) 10. dxc3 $16 Qe7 11. Nd2 Qc7 12. Ne4 Be7 13. Be3 b6 {[%emt 0:02:41] [#]} 14. b4 $146 (14. Bg5 $18) ({Predecessor:} 14. Qg4 Kf8 15. Ng5 Bxg5 16. Bxg5 Bb7 17. Bf4 Qc8 18. Bd6+ Kg8 19. Rd2 h6 20. Rad1 {1-0 (85) Diamant,A (2472)-Rosen,E (2414) Saint Louis 2015}) 14... cxb4 15. cxb4 {[%emt 0:00:04] And now Bf4 would win.} Bb7 16. Bf4 e5 {[%emt 0:00:11] [#]} 17. b5 (17. Nc3 $1 $16 exf4 18. Nb5) 17... Na5 18. Bd2 {[%emt 0:00:57] Black must now prevent Bxa5.} Nc4 19. Be1 O-O 20. Nc3 {[%emt 0:00:24] Bxb7 is the strong threat.} Bxg2 21. Kxg2 Rac8 22. Nd5 Qb7 23. Qf3 {[%emt 0:03:30][%cal Od5f6] Threatens to win with Nf6+!} Kh8 24. a4 Bc5 25. Nc3 (25. Nb4 $5 Qxf3+ 26. Kxf3 $15) 25... Qxf3+ 26. Kxf3 Bd4 {[%emt 0:00:05] Strongly threatening ...Nb2.} 27. Ra2 {[%emt 0:00:30] Against Nb2} Rfe8 28. Kg2 Bxc3 29. Bxc3 Re7 {[%emt 0:00:02] Against Rd7} 30. Bb4 Rec7 31. c3 Kg8 32. Rd5 f6 33. a5 Kf7 34. axb6 axb6 35. Ra6 Ke6 36. Rd1 g6 37. Rxb6+ Nxb6 $17 38. Rd6+ Kf5 39. Rxb6 Rxc3 ({Better is} 39... e4 $17 40. f3 exf3+ 41. Kxf3 Rd7) 40. Bxc3 $11 Rxc3 $17 {[%emt 0:00:01][%mdl 4096] Endgame KR-KR} 41. Rb7 h5 42. h4 Rb3 43. b6 Rb2 44. Kf3 Rb3+ 45. Ke2 (45. Kg2 $1 $11 {keeps the balance.}) 45... Ke4 {[%emt 0:00:22] aiming for ...Rb2+.} 46. Rg7 $2 {[%emt 0:00:03][%mdl 8192] [#]} (46. Rc7 $17 {keeps some hope.}) 46... Rb2+ $1 $19 47. Ke1 Kf3 $2 (47... Rxb6 $19 {has better winning chances.} 48. Rxg6 Kf3) 48. b7 $17 Rb1+ 49. Kd2 Kxf2 50. Rxg6 {[%emt 0:00:03] [#]} Rb2+ $1 51. Kd3 (51. Kd1 $17 {is a better defense.}) 51... f5 $2 ({Black should play} 51... Rxb7 $19 52. Rxf6+ Kxg3) 52. Rf6 ({Don't play} 52. Rg7 e4+ 53. Kc3 Rb1 $17) 52... e4+ 53. Kc3 Rxb7 54. Rxf5+ Kxg3 55. Re5 $2 (55. Rxh5 $15 Kf3 56. Rf5+ Ke3 57. h5) 55... Kxh4 $2 (55... Kf3 56. Kd2 Rd7+ 57. Ke1 Ra7 58. Rf5+ Kg4) 56. Rxe4+ $19 Kg3 {[%emt 0:00:00] ( -> ...h4)} 57. Re3+ Kf2 58. Re4 (58. Re8 $19) 58... Rh7 59. Kd2 Rd7+ (59... h4 $142 60. Re2+ Kg3 61. Re3+ Kf4 62. Rh3 Kg4 63. Rh1 Kf3 64. Rh2 Kg3 65. Rh1 Kg2 66. Rc1 h3 67. Ke3 h2 68. Kf4 h1=Q 69. Rc2+ Kf1 70. Rc1+ Kg2 71. Rxh1 Rxh1 72. Ke4 Rd1 73. Ke3 Kg3 74. Ke2 Rd4 75. Ke3 Rf4 76. Kd2 Kf2 77. Kd3 Rh4 78. Kc2 Rh3 79. Kd1 Ke3 80. Kc2 Ke2 81. Kc1 Kd3 82. Kb2 Kd2 83. Ka1 Kc1 84. Ka2 Kc2 85. Ka1 Ra3#) 60. Kc2 Rh7 (60... Kg3 $19 61. Re3+ Kf4) 61. Kd2 $1 h4 {[%emt 0:00:01][%cal Bh5h4,Bh4h3,Bh3h2][%mdl 32] Black mates.} 62. Re2+ Kf3 63. Re3+ Kf4 64. Ke2 h3 65. Rf3+ Kg4 66. Ra3 h2 67. Ra4+ Kg3 68. Ra3+ Kg2 {[%emt 0:00:02] Quite a comeback for Black.  Weighted Error Value: White=0.51/Black=0.60} 0-1

[Event "German Rapid Championship 2022"]
[Site "Goettingen"]
[Date "2022.09.24"]
[Round "5.10"]
[White "Muckle, Julius"]
[Black "Cofmann, Veaceslav"]
[Result "1-0"]
[ECO "A58"]
[WhiteElo "2401"]
[BlackElo "2250"]
[Annotator "TA"]
[PlyCount "103"]
[EventDate "2022.09.24"]
[EventType "swiss"]
[EventCountry "GER"]
[SourceTitle "playchess.com"]
[Source "ChessBase"]
[SourceQuality "1"]
[TimeControl "900+10"]

1. d4 Nf6 2. c4 c5 3. d5 b5 4. cxb5 a6 5. bxa6 Bxa6 6. Nc3 d6 7. Nf3 Nbd7 8. e4 Bxf1 9. Kxf1 g6 10. g3 Bg7 11. Kg2 O-O 12. a4 {[%emt 0:00:01] seems to push 12.Re1 aside.} Qb6 13. Qc2 Rfb8 {[%emt 0:00:03] A59: Benko/Volga Gambit: White castles by hand.} (13... e6 $14 {should be considered.}) 14. Nb5 $16 Ne8 15. Bg5 Kf8 {[%emt 0:00:01] [#] White is better.} 16. h4 $146 ({Predecessor:} 16. Nd2 h6 17. Nc4 Qb7 18. Bd2 Ra6 19. Qc1 Qa8 20. Bxh6 Rxa4 21. Bxg7+ Kxg7 22. Qc3+ {0-1 (50) Collin,M (2133)-Cofman,V (2320) Schaffhausen 2022}) 16... h5 17. Nd2 Nc7 18. Nc4 Qb7 19. Nxc7 {[%emt 0:01:00] White is much more active.} Qxc7 20. Bd2 Ne5 21. Nxe5 Bxe5 22. Bc3 (22. Rab1 $16) 22... Bg7 {[%emt 0:00:24] [#]} ({Black should try} 22... Bxc3 $14 23. bxc3 (23. Qxc3 Kg8 $16) 23... Ra5) 23. a5 (23. b4 $1 $18) 23... Kg8 24. Ra4 Bxc3 25. Qxc3 ({But not} 25. bxc3 Rxa5 26. Rha1 Rxa4 27. Rxa4 Qb6 $11) 25... Qb7 {[%emt 0:00:04] Against b4} 26. Ra2 $36 {[%emt 0:02:26][%mdl 2048] White is more active.} Ra6 27. Rha1 (27. Re1 {keeps more tension.} Qa8 28. g4 hxg4 29. h5) 27... Rba8 (27... Qb3 $14) 28. Qc4 {[%emt 0:00:18] White now steadily converts the win.} Rb8 29. Ra4 Qa8 (29... Qb5 $142) 30. b4 cxb4 31. Rxb4 Rc8 {[%emt 0:00:02] [#]} 32. Qa2 Rc5 $2 (32... Qa7 $16 {might work better.} 33. Qa4 f6) 33. Qb2 $18 {[%emt 0:00:02] Rb8+ is the strong threat.} Rc8 {[%emt 0:00:08] Inhibits Rb8.} 34. Rb7 Re8 $2 (34... Rxa5 35. Rxa5 Qxa5 36. Rxe7 Rf8) 35. Qb5 Kf8 36. Rb6 Rxb6 37. Qxb6 {[%emt 0:00:01][%mdl 4096] Endgame KQR-KQR} Rb8 (37... Qb8 $142 38. Qd4 f6) 38. Qd4 f6 39. a6 Kf7 40. a7 Rc8 41. Qb6 {[%emt 0:00:33] Prevents Qb7.} f5 42. Qd4 {[%emt 0:01:08] Black must now prevent exf5.} Rc5 43. exf5 gxf5 44. Kh2 Rc8 45. Qd3 Kg6 46. Qd2 (46. Qe3 $142 Rf8 47. Qxe7) 46... Kf7 47. Ra5 Rc7 48. Qg5 Rxa7 49. Qxf5+ (49. Rxa7 $142 Qxa7 50. Qxh5+ Kf6 51. Qh6+ Kf7 52. Qe6+ Kg7 53. Kg2) 49... Kg7 50. Qg5+ Kf8 51. Qf4+ Kg7 52. Qd4+ {[%emt 0:00:02] Weighted Error Value: White=0.28 (precise) /Black=0.71} 1-0

[Event "German Rapid Championship 2022"]
[Site "Goettingen"]
[Date "2022.09.24"]
[Round "5.11"]
[White "Hoepfl, Thomas"]
[Black "Kopylov, Michael"]
[Result "0-1"]
[ECO "B03"]
[WhiteElo "2279"]
[BlackElo "2371"]
[Annotator "TA"]
[PlyCount "120"]
[EventDate "2022.09.24"]
[EventType "swiss"]
[EventCountry "GER"]
[SourceTitle "playchess.com"]
[Source "ChessBase"]
[SourceQuality "1"]
[TimeControl "900+10"]

1. e4 Nf6 2. e5 Nd5 3. c4 Nb6 4. d4 d6 5. f4 dxe5 6. fxe5 Nc6 7. Be3 Bf5 8. Nc3 e6 9. Nf3 Be7 10. Be2 O-O 11. O-O f6 12. exf6 Bxf6 13. Qd2 Qe7 14. Rad1 Rad8 15. h3 {[%emt 0:00:27] 15.Kh1 is a critical line. B03: Alekhine's Defence: Four Pawns Attack.} h6 16. Qc1 Kh8 17. Kh1 {[%emt 0:01:01] [#] White is slightly better.} Qe8 $146 ({Predecessor:} 17... Rd7 18. d5 Ne5 19. b3 Nxf3 20. Bxf3 exd5 21. Rde1 Qd8 22. Nxd5 Bh4 23. Bc5 Bxe1 24. Bxf8 Qxf8 25. Qxe1 {½-½ (35) Kunzelmann,F (2505)-Pavlov,V (2431) ICCF email 2016}) 18. b3 Qg6 19. Bf2 Qe8 20. Rfe1 Qf7 21. Bf1 Rd7 (21... Be7 $14) 22. a4 (22. Bd3 $16) 22... Rfd8 {[%emt 0:00:47][%cal Rc6d4] [#]} 23. d5 (23. Ne4 $1 $16) 23... exd5 $11 24. Bxb6 axb6 25. Nxd5 Be6 26. Nf4 Bf5 {[%emt 0:01:18] Against Bd3} 27. Nd5 Be6 28. Nf4 Bb2 {[%emt 0:00:28] A strong pair of Bishops.} 29. Rxd7 Bxd7 30. Qxb2 Qxf4 31. Ne5 {[%emt 0:01:36] [#] Strongly threatening Ng6+.} Nxe5 (31... Qg3 {looks sharper.} 32. Re2 Rf8 33. Kg1 Be8) 32. Qxe5 Qxe5 33. Rxe5 {[%emt 0:00:01][%mdl 4096] Endgame KRB-KRB} Bc6 34. Re7 Rd1 35. Kg1 Rb1 36. Re3 Kg8 37. Kf2 Kf7 38. g4 Kf6 39. h4 Bd7 40. Be2 Rb2 {[%emt 0:00:03] aiming for ...Bxg4.} 41. Kg3 g5 42. hxg5+ hxg5 43. Bf3 c6 44. Be4 Be6 45. Bh7 Rd2 46. Bf5 $2 (46. Rf3+ $11 Kg7 47. Bd3) 46... Bxf5 $19 47. gxf5 Kxf5 {[%emt 0:00:04] KR-KR} 48. Re7 Rd3+ 49. Kg2 Rxb3 50. Rxb7 Kg4 $2 (50... Rb2+ $19 {is more deadly.} 51. Kf1 Rb4) 51. a5 $2 {[%emt 0:00:06][%mdl 8192] Loses the game.} (51. c5 $17 Rg3+ 52. Kf2 bxc5 53. Rc7) 51... Rg3+ 52. Kf2 bxa5 53. Rc7 Rf3+ 54. Kg2 Rf6 55. c5 (55. Rc8 $142 c5 56. Rxc5) 55... a4 56. Ra7 Rf4 57. Ra6 Rc4 58. Rxc6 a3 {Black mates.} 59. Ra6 Rc2+ 60. Kf1 a2 {[%emt 0:00:00] Weighted Error Value: White=0.69/Black=0.29 (precise)} 0-1

[Event "German Rapid Championship 2022"]
[Site "Goettingen"]
[Date "2022.09.24"]
[Round "5.12"]
[White "Becker, Thomas"]
[Black "Karsay, Pascal"]
[Result "0-1"]
[ECO "D37"]
[WhiteElo "2124"]
[BlackElo "2269"]
[Annotator "TA"]
[PlyCount "74"]
[EventDate "2022.09.24"]
[EventType "swiss"]
[EventCountry "GER"]
[SourceTitle "playchess.com"]
[Source "ChessBase"]
[SourceQuality "1"]
[TimeControl "900+10"]

1. c4 Nf6 2. Nf3 e6 3. d4 d5 4. Nc3 dxc4 5. e3 a6 6. Bxc4 b5 7. Bb3 Bb7 8. O-O Nbd7 9. Qe2 c5 10. Rd1 Qc7 11. d5 c4 12. dxe6 fxe6 13. Bc2 {[%emt 0:00:09] D29: Queen's Gambit Accepted: Classical main line: 7 Qe2 with early ...Nbd7.} Bd6 14. h3 O-O 15. Nd4 (15. e4 $11 {remains equal.}) 15... Nc5 $17 {[%emt 0:01:09] [#] Strongly threatening ...b4.} 16. a3 $146 ({Predecessor:} 16. e4 Rad8 17. Be3 Bh2+ 18. Kh1 Be5 19. Rac1 b4 20. Na4 Bxd4 21. Bxd4 Nfxe4 22. Nxc5 Nxc5 {0-1 (47) Aleksandrov,Z-Petrukhina,I (2187) Tomsk 2011}) 16... Rad8 17. e4 Bh2+ 18. Kh1 Be5 19. Be3 Nfxe4 $2 (19... Rd7 $15 {stays ahead.}) 20. Nxe4 $18 Nxe4 (20... Bxe4 $142 21. Bxe4 Bf4) 21. Nxe6 Rxd1+ 22. Rxd1 Nxf2+ (22... Qc6 $142 23. Nxf8 Kxf8 24. Bxe4 Qxe4) 23. Bxf2 Qc6 {[%emt 0:00:18] [#]} 24. Qg4 $1 Rxf2 {[%emt 0:01:21] [#]} (24... Re8 25. Rd8) 25. Rd8+ $2 (25. Bxh7+ $1 {[%mdl 512] mates} Kf7 26. Nd8+ Ke7 27. Nxc6+ Bxc6 28. Qg5+ Bf6 29. Qc5+ Kf7 30. Qxc6) 25... Kf7 $16 26. Rf8+ {[%emt 0:00:57][%mdl 64] Skewer} Ke7 27. Rxf2 Qxe6 {[%emt 0:00:02] [#]} 28. Qg5+ ({Much less strong is} 28. Bxh7 $6 Qxg4 29. hxg4 Kd6 $11) (28. Bf5 $1 $16 Qd5 29. Qg5+ (29. Bxh7 Kd6 $16) 29... Bf6 30. Qe3+ Qe5 31. Qd2) 28... Bf6 $14 29. Qc5+ Ke8 30. Kh2 (30. Qh5+ $14 g6 31. Re2 (31. Qxh7 {is a self mate.} Qe1+ 32. Kh2 Be5+) 31... gxh5 32. Rxe6+ Kf7 33. Rb6) 30... Qe5+ $11 31. Qxe5+ Bxe5+ $15 {[%emt 0:00:01][%mdl 4096] Endgame KRB-KB. A strong pair of Bishops.} 32. g3 $2 (32. Kg1 $15 Bxb2 33. Bg6+ hxg6 34. Rxb2) 32... Bxb2 $19 33. a4 b4 {[%emt 0:00:20][%cal Bb5b4,Bb4b3][%mdl 32] Hoping for ...Bf6.} 34. Bxh7 {[%emt 0:00:13] [#]} c3 (34... Bf6 $1 $19 {...Bd5 is the strong threat.} 35. Bg8 c3) 35. Bc2 $2 (35. Bg6+ $11 Kd8 36. Rf8+ Kd7 37. Rf7+ Kc8 38. Rf8+ Kd7 39. Rf7+ Kc8 40. Rf8+ Kd7) 35... Bd5 {[%emt 0:00:13] Black is clearly winning.} 36. Rf5 b3 37. Bd3 c2 {[%emt 0:00:06] Weighted Error Value: White=1.34/Black=0.84} 0-1

[Event "German Rapid Championship 2022"]
[Site "Goettingen"]
[Date "2022.09.24"]
[Round "5.13"]
[White "Philipp, Mathias"]
[Black "Langheinrich, Ferenc"]
[Result "0-1"]
[ECO "B06"]
[WhiteElo "2158"]
[BlackElo "2366"]
[Annotator "TA"]
[PlyCount "56"]
[EventDate "2022.09.24"]
[EventType "swiss"]
[EventCountry "GER"]
[SourceTitle "playchess.com"]
[Source "ChessBase"]
[SourceQuality "1"]
[TimeControl "900+10"]

1. e4 g6 2. d4 Bg7 3. Nc3 d6 4. Be3 a6 5. a4 a5 (5... Nc6 $11) 6. h3 {[%emt 0:00:11] B06: Modern Defence.} c6 7. Nf3 {[%emt 0:00:25] [#]} Na6 $146 ({Predecessor:} 7... Nd7 8. Qd2 Qb6 9. Bc4 e6 10. O-O d5 11. exd5 cxd5 12. Nb5 Ne7 13. Bd3 O-O {0-1 (69) Nadimifar,A (2219)-Maghsoodloo,P (2576) Sharjah 2017}) 8. Bc4 {[%emt 0:00:19] White is slightly better.} Nb4 9. O-O d5 10. exd5 Nxd5 11. Nxd5 cxd5 12. Bb5+ Bd7 13. b3 Nf6 14. c4 O-O 15. c5 Ne4 16. Qc2 Bf5 17. Bd3 Rc8 18. g4 ({White should play} 18. Rfe1 $14) 18... Be6 (18... Bd7 $5 ) 19. b4 ({Much weaker is} 19. Bxe4 dxe4 20. Ne5 f5 $17) (19. Bf4 $11) 19... axb4 {[%emt 0:00:21] And now ...f5 would win.} 20. a5 ({Better is} 20. Rab1 $15) 20... Qd7 {[%emt 0:00:36][%cal Oe6g4] Threatens to win with ...Bxg4!} 21. Nh2 (21. Qa4 $17 {was worth a try.}) 21... f5 $19 22. f3 f4 23. fxe4 $2 (23. Bf2 {was the only chance.} b3 24. Qb2 Nxc5 25. Qe2 Nxd3 26. Qxd3) 23... dxe4 ({Weaker is} 23... fxe3 24. e5 $17) 24. Bxe4 {[%emt 0:03:15] [#] Strongly threatening Bf2.} fxe3 25. Rxf8+ Rxf8 26. Rf1 Qxd4 27. Rxf8+ Kxf8 28. Kf1 b3 {[%emt 0:00:25] Weighted Error Value: White=0.83/Black=0.12 (very precise)} 0-1

[Event "German Rapid Championship 2022"]
[Site "Goettingen"]
[Date "2022.09.25"]
[Round "6.1"]
[White "Bluebaum, Matthias"]
[Black "Svane, Rasmus"]
[Result "1-0"]
[ECO "E49"]
[WhiteElo "2647"]
[BlackElo "2615"]
[Annotator "TA"]
[PlyCount "75"]
[EventDate "2022.09.24"]
[EventType "swiss"]
[EventCountry "GER"]
[SourceTitle "playchess.com"]
[Source "ChessBase"]
[SourceQuality "1"]
[TimeControl "900+10"]

1. d4 Nf6 2. c4 e6 3. Nc3 Bb4 4. e3 O-O 5. Bd3 d5 6. a3 Bxc3+ 7. bxc3 dxc4 8. Bxc4 c5 9. Nf3 Qc7 10. Be2 b6 11. Bb2 $1 {[%emt 0:00:04][%mdl 4] now scores much better than the old 11.0-0.} Bb7 12. O-O Nbd7 13. c4 {[%emt 0:00:19] E53: Nimzo-Indian: Rubinstein: Main Line (4...0-0 5 Nf3 d5 6 Bd3 c5 7 0-0).} Rfd8 14. Re1 Rac8 15. Nd2 {[%emt 0:00:12] The position is equal.} Nf8 16. Bf1 Ng6 17. a4 {[%emt 0:00:41][%cal Oa4a5] [#]} cxd4 $146 ({Predecessor:} 17... Nh4 18. Qe2 cxd4 19. exd4 Qd6 20. Qd3 Qf4 21. Qe3 Qf5 22. Rec1 Qg6 23. f3 Nf5 {½-½ (77) Predke,A (2688)-Praggnanandhaa,R (2648) Paracin 2022}) 18. exd4 Qf4 {[%emt 0:00:07] [#] White must now prevent ...Ng4.} 19. Qe2 Qf5 20. Qd3 (20. f3 $16) 20... Qh5 21. Qg3 Qh6 22. Qe3 Qh5 23. a5 Nh4 24. Qf4 Ng6 25. Qg3 Nh4 26. d5 {[%emt 0:01:28] [#] And now Bxf6 would win.} Nf5 27. Qf4 {[%emt 0:00:01] aiming for axb6.} Qg6 (27... exd5 $2 28. Re5 g6 29. Be2 $18 (29. Rxf5 Qxf5 30. Qxf5 gxf5 $18)) (27... Qh6 $16 28. Qxh6 Nxh6) 28. axb6 $18 (28. dxe6 $2 Nh5 29. exf7+ Qxf7 $19) 28... axb6 29. Ra7 (29. dxe6 $2 Nh5 30. Qe5 (30. exf7+ $2 Qxf7 31. Qe5 Rxd2 $19) 30... Rxd2 $19) 29... Nh5 30. Qe5 $36 {[%emt 0:00:47][%mdl 2048] White has strong initiative.} Ba8 31. Rc7 {[%emt 0:02:03] Strongly threatening Bd3. White is much more active.} h6 (31... Rb8 $16) 32. Rxc8 {[%emt 0:01:22] The board is on fire.} Rxc8 33. Bd3 {[%emt 0:00:03] Threatens to win with Nf3.} ({Don't play} 33. dxe6 f6 34. Qc3 Nf4) 33... Bb7 $2 (33... Qf6 34. g3 (34. dxe6 fxe6 35. Qxf6 Nxf6 $16) 34... Qxe5 35. Bxe5 (35. Rxe5 Rd8 $16) 35... Ne7) 34. f3 Qg5 $2 (34... b5 35. dxe6 fxe6 36. Qxe6+ Qxe6 37. Rxe6 Nh4) 35. Ne4 $2 (35. dxe6 Nf4 36. exf7+ Kxf7 37. Qxf5+ Qxf5 38. Bxf5) 35... Qg6 (35... Qf4 36. dxe6 Qxe5 37. exf7+ (37. Bxe5 fxe6 38. Nc3 Rd8 $16) 37... Kxf7 38. Bxe5 Rd8) 36. Nd6 {[%emt 0:00:10] White is clearly winning.} Ra8 37. Nxf5 {[%emt 0:00:01] White wants to mate with Ne7+.} exf5 38. Bxf5 {[%emt 0:00:02] Weighted Error Value: White=0.30/Black=0.53} 1-0

[Event "German Rapid Championship 2022"]
[Site "Goettingen"]
[Date "2022.09.25"]
[Round "6.2"]
[White "Krastev, Alexander"]
[Black "Fridman, Daniel"]
[Result "0-1"]
[ECO "C02"]
[WhiteElo "2431"]
[BlackElo "2607"]
[Annotator "TA"]
[PlyCount "70"]
[EventDate "2022.09.24"]
[EventType "swiss"]
[EventCountry "GER"]
[SourceTitle "playchess.com"]
[Source "ChessBase"]
[SourceQuality "1"]
[TimeControl "900+10"]

1. e4 e6 2. d4 d5 3. e5 c5 4. c3 Qb6 5. Nf3 Bd7 6. Bd3 cxd4 {[%emt 0:00:02] C02: French: Advance Variation.} 7. O-O {[%emt 0:00:19] 7.Nxd4 is the modern continuation.} Nc6 8. Re1 Nge7 {[%emt 0:00:02] Black is slightly better.} 9. h4 a6 10. h5 g6 {[%emt 0:00:01] [#]} 11. Nh2 $146 (11. Bc2 $11 {remains equal.}) ({Predecessor:} 11. h6 Ng8 12. cxd4 Nxh6 13. Nc3 Nf5 14. Na4 Qc7 15. Bg5 Nfxd4 16. Nxd4 Nxd4 17. Bf6 {1-0 (46) Mamedov,R (2654)-Markoja,B (2453) Chess.com INT 2021}) 11... Bg7 $17 12. Ng4 gxh5 13. Nf6+ Bxf6 14. exf6 Ng6 15. Qxh5 O-O-O 16. b4 $2 (16. Bf1 $17 {was called for.}) 16... dxc3 $19 17. b5 Nb4 18. Qd1 Bxb5 19. Bxb5 c2 ({Don't blunder} 19... Qxb5 $2 20. Nxc3 Qc4 21. Na4 $19) 20. Qd2 Qxb5 {[%emt 0:00:02] Dancing on a razor blade.} 21. Re3 $2 (21. a3 Nd3 22. Qxc2+ Kd7 23. Rd1) 21... d4 22. Rb3 a5 23. Na3 Qc5 24. Bb2 Rhg8 25. Nxc2 Nxc2 ({And not} 25... Qxc2 26. Rc1 d3 27. Rxb4 (27. Rxc2+ dxc2 28. Qc3+ Kb8 $15) (27. Rxd3 Rxd3 28. Rxc2+ Kd7 $11) 27... axb4 28. Rxc2+ dxc2 29. Qxc2+ Kb8 30. Qa4 $11) 26. Rc1 {[%emt 0:00:00] [#]} Kb8 $1 27. Rxc2 (27. Qxc2 Qxc2) 27... Qd5 {[%emt 0:00:02] Hoping for ...d3.} 28. Ba3 $2 (28. f3) 28... Ne5 29. Rg3 Rxg3 30. fxg3 d3 31. Rc5 Qd4+ 32. Kh1 Nc4 33. Rxc4 Qxc4 34. Qxa5 Rd5 35. Qb6 Qd4 {[%emt 0:00:04] White got outplayed after the opening.  Weighted Error Value: White=0.79/Black=0.32} 0-1

[Event "German Rapid Championship 2022"]
[Site "Goettingen"]
[Date "2022.09.25"]
[Round "6.3"]
[White "Carlstedt, Jonathan"]
[Black "Poetsch, Hagen"]
[Result "1/2-1/2"]
[ECO "E43"]
[WhiteElo "2433"]
[BlackElo "2491"]
[Annotator "TA"]
[PlyCount "100"]
[EventDate "2022.09.24"]
[EventType "swiss"]
[EventCountry "GER"]
[SourceTitle "playchess.com"]
[Source "ChessBase"]
[SourceQuality "1"]
[TimeControl "900+10"]

1. d4 Nf6 2. c4 e6 3. Nc3 Bb4 4. e3 b6 5. Nf3 Bb7 6. Bd2 O-O 7. Bd3 c5 8. dxc5 {[%emt 0:01:53] E43: Nimzo-Indian: Rubinstein: 4...b6.} Bxc5 9. O-O Nc6 10. a3 {[%emt 0:00:20] The position is equal.} d5 11. cxd5 Nxd5 {[%emt 0:00:03] [#]} 12. Qb1 $146 ({Predecessor:} 12. Ne4 Be7 13. Qe2 Bf6 14. Rab1 Rc8 15. Rfd1 Qe7 16. Be1 Ne5 17. Nxf6+ Qxf6 18. Be4 {½-½ (41) Adamczewski,M (1961)-Januszkiewicz,W (1922) Szklarska Poreba 2016}) 12... h6 13. Rd1 (13. b4 $5 Bd6 14. Nxd5 exd5 15. Bc3 $14) 13... Rc8 (13... Nf6 $11) 14. Be4 ({White should try} 14. Nxd5 $16 exd5 15. Bc3) 14... Nce7 15. Be1 Qe8 16. b4 Bd6 17. Nxd5 Nxd5 18. Bxd5 exd5 (18... Bxd5 $2 19. e4 $18) 19. Qd3 Qe6 20. Nd4 Qe5 21. f4 Qf6 22. Bc3 Bb8 23. Rac1 g6 {[%emt 0:00:20] Inhibits Nf5.} 24. b5 Rc4 25. Rf1 (25. Ba1 $14) 25... Re8 26. Rce1 ({Better is} 26. Nc6 $14 Qe6 27. Nxb8 Rxb8 28. Bd4) 26... Qe7 27. Bb2 Qe4 28. Qxe4 Rxe4 29. Kf2 a6 30. bxa6 Bxa6 31. Rc1 Bd6 32. Rfd1 Re8 33. Ne2 (33. Rxc4 $11 Bxc4 34. g4) 33... Bc5 (33... Rce4 $17 34. Bd4 Bxe2 35. Kxe2 Bxf4) 34. Bd4 $11 Rxc1 35. Nxc1 Bxa3 36. Nd3 Rb8 37. Ra1 Bxd3 38. Rxa3 {[%emt 0:00:00][%mdl 4096] Endgame KRB-KRB} Be4 39. Ra6 b5 40. Rb6 (40. Be5 $11 Rc8 41. g4) 40... Rxb6 $15 41. Bxb6 {[%emt 0:00:00] KB-KB} b4 42. Bc5 b3 {[%emt 0:00:01] ( -> ...b2)} 43. Bd4 Kf8 44. g3 {[%emt 0:00:02] [#]} (44. g4 $17 {was worth a try.}) 44... Ke7 ({Black should play} 44... h5 $1 $19 {Threatens to win with ...Ke7.} 45. Ke1 Ke7) 45. Bb2 (45. g4 $1 $15) 45... Ke6 (45... h5 $19 46. Ke2 Ke6) 46. h4 $2 {[%emt 0:00:12][%mdl 8192] Loses the game.} (46. g4 $17) 46... Kf5 $19 47. Bd4 h5 48. Ke2 Bc2 49. Bb2 Ke4 50. Bc1 (50. f5 $142 Kxf5 51. Kd2) 50... Bd3+ $2 {[%emt 0:00:02][%mdl 32768] Weighted Error Value: White=0.46/Black=0.19 (very precise) . An unexpected result.} (50... f5 51. Kd2 Bd3) 1/2-1/2